[Event "17th Memorial Lezcano Montalvo 2025"]
[Site "Gran Canaria"]
[Date "2025.04.15"]
[Round "4.1"]
[White "Petriashvili, Nikoloz"]
[Black "Yelisieiev, Yevhenii"]
[Result "1/2-1/2"]
[Annotator "RC"]
[ECO "D13"]
[WhiteElo "2459"]
[BlackElo "2413"]
[PlyCount "122"]
[EventDate "2025.04.13"]
[EventType "swiss"]
[EventCountry "ESP"]
[SourceTitle "playchess.com"]
[Source "ChessBase"]
[SourceQuality "1"]
[TimeControl "5400+30"]

1. Nf3 d5 2. d4 Nf6 3. c4 c6 4. cxd5 cxd5 5. Nc3 Nc6 6. Bf4 a6 7. Ne5 Bf5 8. Nxc6 bxc6 9. e3 e6 10. Be2 Bd6 11. Bxd6 Qxd6 12. O-O O-O 13. Na4 Nd7 14. Rc1 e5 15. dxe5 Nxe5 16. Qd4 Rfe8 17. Nc5 Qg6 18. Qf4 a5 19. Rfd1 Rab8 20. b3 h5 21. Qg3 Qh6 22. Rd4 Rb4 23. Rxb4 axb4 24. Qh4 Bg4 25. Bxg4 Nxg4 26. h3 g5 27. Qg3 Ne5 28. h4 g4 29. Qf4 Qxf4 30. exf4 Ng6 31. g3 Re2 32. Nd3 Rxa2 33. Nxb4 Rb2 34. Rxc6 Ne7 35. Rd6 Rd2 36. Kf1 Kg7 37. Rd7 Kf6 38. Ke1 Rd4 39. Rxe7 Rxb4 40. Re5 Kg6 41. Rg5+ Kh6 42. Rxd5 Rxb3 43. Ke2 Kg6 44. Rd3 Rb1 45. Rd6+ f6 46. Rd5 Rb2+ 47. Ke3 Rb3+ 48. Rd3 Rb7 49. Rd8 Re7+ 50. Kd3 Re1 51. Rg8+ Kh7 52. Ra8 Kg6 53. Ra2 Re7 54. Ra5 Rd7+ 55. Ke2 Re7+ 56. Kf1 Kh6 57. f5 Kg7 58. Rd5 Re5 59. Rxe5 fxe5 60. f3 gxf3 61. g4 hxg4 1/2-1/2

[Event "17th Memorial Lezcano Montalvo 2025"]
[Site "Gran Canaria"]
[Date "2025.04.15"]
[Round "4.2"]
[White "Larino Nieto, David"]
[Black "Fiorito, Joaquin"]
[Result "1-0"]
[Annotator "RC"]
[ECO "A36"]
[WhiteElo "2448"]
[BlackElo "2402"]
[PlyCount "57"]
[EventDate "2025.04.13"]
[EventType "swiss"]
[EventCountry "ESP"]
[SourceTitle "playchess.com"]
[Source "ChessBase"]
[SourceQuality "1"]
[TimeControl "5400+30"]

1. c4 Nf6 2. Nc3 g6 3. g3 Bg7 4. Bg2 O-O 5. e4 d6 6. Nge2 c5 7. h3 Nc6 8. d3 a6 9. O-O Rb8 10. a4 Ne8 11. Be3 Nc7 12. d4 cxd4 13. Nxd4 Nxd4 14. Bxd4 Bxd4 15. Qxd4 b5 16. cxb5 axb5 17. a5 e5 18. Qd2 b4 19. Nd5 Nxd5 20. exd5 Bb7 21. Rfc1 Ba8 22. a6 Qb6 23. a7 Rbc8 24. Rc6 Bxc6 25. dxc6 Ra8 26. Qxd6 Rfd8 27. Qd7 Qc5 28. Qb7 e4 29. c7 1-0

[Event "17th Memorial Lezcano Montalvo 2025"]
[Site "Gran Canaria"]
[Date "2025.04.15"]
[Round "4.3"]
[White "Strikovic, Aleksa"]
[Black "Pap, Misa"]
[Result "1/2-1/2"]
[Annotator "RC"]
[ECO "E11"]
[WhiteElo "2367"]
[BlackElo "2444"]
[PlyCount "42"]
[EventDate "2025.04.13"]
[EventType "swiss"]
[EventCountry "ESP"]
[SourceTitle "playchess.com"]
[Source "ChessBase"]
[SourceQuality "1"]
[TimeControl "5400+30"]

1. d4 Nf6 2. Nf3 e6 3. c4 Bb4+ 4. Bd2 Qe7 5. Nc3 Nc6 6. e3 Bxc3 7. Bxc3 Ne4 8. Qc2 Nxc3 9. Qxc3 Qb4 10. Rc1 d6 11. Qxb4 Nxb4 12. a3 Nc6 13. c5 Bd7 14. cxd6 cxd6 15. Bd3 Ke7 16. Ke2 h6 17. h4 Rhc8 18. Rc3 Na5 19. Rhc1 Rxc3 20. Rxc3 Rc8 21. Rxc8 Bxc8 1/2-1/2

[Event "17th Memorial Lezcano Montalvo 2025"]
[Site "Gran Canaria"]
[Date "2025.04.15"]
[Round "4.4"]
[White "Martinez Ramirez, Lennis"]
[Black "Akhvlediani, Irakli"]
[Result "0-1"]
[Annotator "RC"]
[ECO "B30"]
[WhiteElo "2443"]
[BlackElo "2387"]
[PlyCount "80"]
[EventDate "2025.04.13"]
[EventType "swiss"]
[EventCountry "ESP"]
[SourceTitle "playchess.com"]
[Source "ChessBase"]
[SourceQuality "1"]
[TimeControl "5400+30"]

1. Nf3 c5 2. e4 Nc6 3. Bb5 e6 4. O-O Nge7 5. c3 a6 6. Ba4 b5 7. Bc2 Bb7 8. Re1 Ng6 9. a4 Be7 10. g3 O-O 11. d4 cxd4 12. Nxd4 b4 13. h4 Nge5 14. h5 f5 15. Bf4 Bf6 16. Nd2 bxc3 17. bxc3 Nxd4 18. cxd4 Nc6 19. Rb1 Na5 20. exf5 exf5 21. Nf3 Be4 22. Rxe4 fxe4 23. Bxe4 d5 24. Bc2 Qe8 25. Ne5 Nc4 26. Rb7 Rd8 27. Ng4 Nd6 28. Rb6 Ne4 29. Rxa6 Nc3 30. Qd3 Qe1+ 31. Kh2 Ne4 32. Ra7 Bg5 33. h6 Bxf4 34. gxf4 Rxf4 35. Rxg7+ Kh8 36. Qe3 Rxf2+ 37. Qxf2 Nxf2 38. Nf6 Qh1+ 39. Kg3 Qh3+ 40. Kf4 Qxh6+ 0-1

[Event "17th Memorial Lezcano Montalvo 2025"]
[Site "Gran Canaria"]
[Date "2025.04.15"]
[Round "4.5"]
[White "Sanz Wawer, Daniel"]
[Black "Kovchan, Alexander"]
[Result "0-1"]
[Annotator "RC"]
[ECO "A62"]
[WhiteElo "2316"]
[BlackElo "2433"]
[PlyCount "60"]
[EventDate "2025.04.13"]
[EventType "swiss"]
[EventCountry "ESP"]
[SourceTitle "playchess.com"]
[Source "ChessBase"]
[SourceQuality "1"]
[TimeControl "5400+30"]

1. d4 g6 2. c4 Bg7 3. g3 c5 4. d5 d6 5. Bg2 Nf6 6. Nc3 O-O 7. Nf3 e6 8. O-O exd5 9. cxd5 Re8 10. Bf4 Nh5 11. Bg5 Qd7 12. a4 h6 13. Bd2 Na6 14. h3 Nb4 15. g4 Nf6 16. Bf4 b6 17. Nd2 Ba6 18. Re1 Re7 19. Nde4 Nxe4 20. Nxe4 f5 21. Nxd6 fxg4 22. Ra3 Rf8 23. Bh2 Bxb2 24. Rb3 Bd4 25. Ne4 gxh3 26. Rxb4 Qg4 27. Bg3 Rxf2 28. Qxd4 cxd4 29. Kxf2 Rf7+ 30. Bf3 Qxe4 0-1

[Event "17th Memorial Lezcano Montalvo 2025"]
[Site "Gran Canaria"]
[Date "2025.04.15"]
[Round "4.6"]
[White "Fiorito, Francisco"]
[Black "Narciso Dublan, Marc"]
[Result "1/2-1/2"]
[Annotator "RC"]
[ECO "D78"]
[WhiteElo "2431"]
[BlackElo "2376"]
[PlyCount "152"]
[EventDate "2025.04.13"]
[EventType "swiss"]
[EventCountry "ESP"]
[SourceTitle "playchess.com"]
[Source "ChessBase"]
[SourceQuality "1"]
[TimeControl "5400+30"]

1. Nf3 d5 2. g3 Nf6 3. Bg2 g6 4. d4 Bg7 5. c4 c6 6. b3 O-O 7. Bb2 a5 8. Nc3 Ne4 9. O-O Bf5 10. Rc1 Nd7 11. Nh4 Nxc3 12. Bxc3 Be6 13. e4 Nf6 14. cxd5 cxd5 15. e5 Ne4 16. Bb2 f6 17. Nf3 Bh6 18. Rc2 a4 19. Ne1 axb3 20. axb3 fxe5 21. Nd3 Qb6 22. b4 Rad8 23. dxe5 Bf5 24. e6 d4 25. g4 Nc3 26. Bxc3 Bxd3 27. Qxd3 dxc3 28. Qxc3 Rd4 29. Qc5 Qxb4 30. g5 Bg7 31. Qxb4 Rxb4 32. Rc7 Re8 33. Rxb7 Rxb7 34. Bxb7 Rb8 35. Be4 Rb4 36. Re1 Bd4 37. Kg2 Rb2 38. Rf1 Kg7 39. h4 Bc5 40. Kg3 Rb6 41. Bd5 Bd6+ 42. f4 Rb4 43. Bg2 Rd4 44. Bh3 h6 45. Bg2 Rd3+ 46. Rf3 Rxf3+ 47. Kxf3 Bb4 48. Ke2 Bd6 49. Ke3 Bc5+ 50. Kf3 Bb4 51. Kg4 Be1 52. Be4 Bd2 53. Bd3 h5+ 54. Kg3 Be1+ 55. Kh3 Bf2 56. f5 gxf5 57. Bxf5 Be1 58. Bc2 Bd2 59. Bd1 Kg6 60. Bc2+ Kg7 61. Ba4 Kg6 62. Be8+ Kf5 63. Bxh5 Kf4 64. Be2 Be1 65. g6 Bc3 66. Kg2 Bg7 67. h5 Kf5 68. Bc4 Kg5 69. Be2 Kf5 70. Kf3 Kxe6 71. Ke4 Bh6 72. Bc4+ Kf6 73. Kd5 e5 74. Kd6 e4 75. Kd7 Bg5 76. Be2 Ke5 1/2-1/2

[Event "17th Memorial Lezcano Montalvo 2025"]
[Site "Gran Canaria"]
[Date "2025.04.15"]
[Round "4.7"]
[White "Fiorito, Fabian"]
[Black "Alsina Leal, Daniel"]
[Result "0-1"]
[Annotator "TA"]
[ECO "E06"]
[WhiteElo "2268"]
[BlackElo "2496"]
[PlyCount "68"]
[EventDate "2025.04.13"]
[EventType "swiss"]
[EventCountry "ESP"]
[SourceTitle "playchess.com"]
[Source "ChessBase"]
[SourceQuality "1"]
[TimeControl "5400+30"]

1. d4 Nf6 2. c4 e6 3. Nf3 d5 4. g3 Be7 5. Bg2 Ne4 6. O-O {[%emt 0:01:00] E06: Closed Catalan: Early deviations.} f5 7. b3 Nc6 8. Bb2 {[%emt 0:00:22] White has an edge.} h5 9. Nbd2 h4 10. e3 Bd7 11. a3 $146 (11. Nxe4 dxe4 12. d5 exd5 13. Bxg7 Rh7 14. Ne5 dxc4 15. bxc4 Bd6 16. Nxd7 Qxd7 17. Bc3 O-O-O 18. Rb1 hxg3 19. hxg3 Qf7 20. Qa4 Qh5 21. Rfd1 {½-½ Mosesov,D (2391)-Osmak,I (2438) UKR-ch op 89th 2020 (7)}) 11... a5 12. Nxe4 fxe4 13. Nd2 hxg3 14. hxg3 {[%emt 0:04:42] A sharp opening} (14. fxg3 $11 Bg5 15. Qe1) 14... Bg5 15. Nxe4 dxe4 $17 16. d5 (16. Qc2 $142) 16... exd5 17. cxd5 {[%emt 0:01:53][%cal Og2e4] [#] Bxe4! is the strong threat.} Ne7 18. Bxg7 Rh7 19. Be5 Bf5 20. g4 (20. d6 $17 cxd6 21. Bxd6) 20... Bg6 $19 (20... Qxd5 21. Qxd5 (21. Bxc7 $2 Qxd1 22. Rfxd1 Bxg4 $19) 21... Nxd5 22. gxf5 $14) 21. f4 exf3 (21... Qxd5 22. Qxd5 Nxd5 23. fxg5 $11) 22. Qxf3 Qxd5 23. Qg3 (23. Bxc7 {is more resistant.} Qxf3 (23... Qxb3 24. Bf4 $17) 24. Rxf3) 23... Qxb3 {[%emt 0:02:07] Black is clearly winning.} 24. Bf4 Bxf4 25. Qxf4 O-O-O 26. Qe5 Nc6 27. Qg5 Bd3 28. Rfd1 Qe6 {[%emt 0:01:08] [#] Threatens to win with ...Rg8.} 29. Rac1 Qe5 30. Qxe5 Nxe5 31. Rc5 Nxg4 32. Rxa5 Ba6 (32... Nxe3 $2 {perishes.} 33. Ra8+ Kd7 34. Rxd3+ $18) 33. Rxd8+ Kxd8 34. e4 Rg7 {[%emt 0:00:56] Weighted Error Value: White=0.80/Black=0.45  Mistake:       	White=5     	---        Inaccurate:     	White=2     	---        OK:         	White=6     	Black=12     Best:        	---       	Black=3} 0-1

[Event "17th Memorial Lezcano Montalvo 2025"]
[Site "Gran Canaria"]
[Date "2025.04.15"]
[Round "4.8"]
[White "Kaczur, Florian"]
[Black "Calzetta Ruiz, Monica"]
[Result "1-0"]
[Annotator "TA"]
[ECO "B50"]
[WhiteElo "2495"]
[BlackElo "2224"]
[PlyCount "83"]
[EventDate "2025.04.13"]
[EventType "swiss"]
[EventCountry "ESP"]
[SourceTitle "playchess.com"]
[Source "ChessBase"]
[SourceQuality "1"]
[TimeControl "5400+30"]

1. e4 c5 2. Nf3 Nc6 3. Bc4 d6 4. O-O Nf6 5. Re1 e6 6. d4 cxd4 7. Nxd4 Nxd4 8. Qxd4 {[%emt 0:00:17] The position is equal.} Be7 9. Nc3 O-O 10. Qd3 a6 11. a4 Bd7 12. a5 Ng4 13. Qe2 Ne5 14. Be3 Nxc4 15. Qxc4 Rc8 16. Qd3 Qc7 17. Bd4 Qc4 18. Qd2 h6 19. f3 Qb4 {[%emt 0:07:42][%cal Oc8c4] Black wants to play ...Rc4!} 20. Red1 {[%emt 0:08:28][%cal Oc3d5] [#] Nd5! would now be deadly.} Bd8 (20... Qxb2 $2 {is the wrong capture.} 21. Rdb1 $18) 21. Ne2 Qxd2 22. Rxd2 Rc6 (22... Bg5 $142 23. f4 Be7) 23. Be3 $11 Be7 24. Rad1 Rfc8 25. c3 Be8 26. Bb6 g6 27. Kf2 e5 28. Nc1 f5 29. exf5 gxf5 30. f4 Bh5 (30... Rc4 $11 31. Nd3 exf4) 31. Re1 $1 $14 Re8 32. Nd3 Bf6 33. Nb4 Rc4 34. Nd5 Bg7 {[%emt 0:00:21] Black is weak on the dark squares} 35. g3 Kf7 (35... Bf7 $14) 36. Ne3 $36 {[%emt 0:00:35][%csl LRc4,LRd6,LRf5][%mdl 2048] Black is under strong pressure.} Re4 (36... Rc6 $16 37. Nxf5 Bf8) 37. Nxf5 (37. Rxd6 exf4 38. Rd7+ Kg6 39. gxf4 Rxf4+ 40. Kg2 Be5 $17) 37... Rxe1 38. Nxd6+ ({Much less strong is} 38. Kxe1 exf4+ 39. Kf1 Kg6 40. Nxd6 Rf8 $18) 38... Kg8 {[%emt 0:00:31] [#] And now ...Rh1 would win.} 39. Nxe8 Rh1 40. Kg2 {[%emt 0:00:22] White is clearly better.} Re1 (40... Rd1 $142 41. Rxd1 Bxd1 42. Nxg7 Kxg7 43. fxe5 Kf7) 41. Nxg7 Kxg7 42. fxe5 {[%emt 0:00:08] Weighted Error Value: White=0.10 (very precise) /Black=0.18 (very precise) .  Mistake:       	---       	Black=5      Inaccurate:     	White=2     	Black=2      OK:         	White=8     	Black=14     Best:        	White=5     	Black=1      Strong:       	White=1     	---} 1-0

[Event "17th Memorial Lezcano Montalvo 2025"]
[Site "Gran Canaria"]
[Date "2025.04.15"]
[Round "4.9"]
[White "Rodriguez Lopez, David"]
[Black "Korneev, Oleg"]
[Result "0-1"]
[Annotator "RC"]
[ECO "B13"]
[WhiteElo "2182"]
[BlackElo "2466"]
[PlyCount "118"]
[EventDate "2025.04.13"]
[EventType "swiss"]
[EventCountry "ESP"]
[SourceTitle "playchess.com"]
[Source "ChessBase"]
[SourceQuality "1"]
[TimeControl "5400+30"]

1. e4 c6 2. d4 d5 3. exd5 cxd5 4. Bd3 Nc6 5. c3 Qc7 6. Nf3 Bg4 7. Bg5 e6 8. Bh4 Bd6 9. Bg3 Nf6 10. Bxd6 Qxd6 11. Nbd2 O-O 12. O-O Rab8 13. a4 a6 14. h3 Bh5 15. Qe2 Qc7 16. Rfe1 Rfc8 17. Qf1 Bg6 18. Re3 Bxd3 19. Qxd3 h6 20. Ne5 Nxe5 21. dxe5 Nd7 22. Qd4 Qb6 23. Qxb6 Nxb6 24. a5 Nc4 25. Nxc4 Rxc4 26. Kf1 Rbc8 27. Ra3 g5 28. f3 Kg7 29. Ke1 d4 30. cxd4 Rxd4 31. Rab3 Rc7 32. Rb6 Ra4 33. b4 Rc4 34. Re4 Rc7 35. Kf2 h5 36. g4 h4 37. Re2 Ra3 38. Re3 Rc2+ 39. Re2 Rcc3 40. Rxb7 Rxf3+ 41. Kg2 Rg3+ 42. Kf1 Ra1+ 43. Re1 Rxe1+ 44. Kxe1 Rxh3 45. b5 Re3+ 46. Kf2 Rxe5 47. bxa6 Rxa5 48. a7 Ra2+ 49. Kg1 Kg6 50. Re7 e5 51. Rd7 e4 52. Rd6+ f6 53. Rd7 e3 54. Re7 Ra1+ 55. Kg2 e2 56. Rxe2 Rxa7 57. Re3 Ra6 58. Rf3 Ra5 59. Rb3 f5 0-1

[Event "17th Memorial Lezcano Montalvo 2025"]
[Site "Gran Canaria"]
[Date "2025.04.15"]
[Round "4.10"]
[White "Ambartsumova, Karina"]
[Black "Estremera Panos, Sergio"]
[Result "1-0"]
[Annotator "RC"]
[ECO "A64"]
[WhiteElo "2405"]
[BlackElo "2195"]
[PlyCount "63"]
[EventDate "2025.04.13"]
[EventType "swiss"]
[EventCountry "ESP"]
[SourceTitle "playchess.com"]
[Source "ChessBase"]
[SourceQuality "1"]
[TimeControl "5400+30"]

1. d4 Nf6 2. c4 e6 3. g3 c5 4. d5 exd5 5. cxd5 d6 6. Nc3 g6 7. Nf3 Bg7 8. Bg2 O-O 9. O-O Re8 10. Nd2 a6 11. a4 Nbd7 12. h3 Rb8 13. a5 b5 14. axb6 Nxb6 15. Re1 Nfd7 16. Qc2 Qc7 17. b3 c4 18. b4 Ne5 19. Bb2 Bf5 20. Qc1 Na8 21. Rxa6 Rxb4 22. Ba1 Nb6 23. Qa3 Nd3 24. Rf1 Nc5 25. Ra5 Rb3 26. Nxb3 Nxb3 27. Nb5 Qb8 28. Bxg7 Kxg7 29. Nxd6 Rxe2 30. Nxf5+ gxf5 31. Rb5 Qd8 32. Qb4 1-0

[Event "17th Memorial Lezcano Montalvo 2025"]
[Site "Gran Canaria"]
[Date "2025.04.15"]
[Round "4.11"]
[White "Dubkov, Andrej"]
[Black "Krilovs, Nikolajs"]
[Result "1/2-1/2"]
[Annotator "RC"]
[ECO "A07"]
[WhiteElo "2307"]
[BlackElo "2112"]
[PlyCount "29"]
[EventDate "2025.04.13"]
[EventType "swiss"]
[EventCountry "ESP"]
[SourceTitle "playchess.com"]
[Source "ChessBase"]
[SourceQuality "1"]
[TimeControl "5400+30"]

1. Nf3 d5 2. g3 Bf5 3. Bg2 e6 4. O-O h6 5. c4 c6 6. Qb3 Qb6 7. d3 Nf6 8. Qc2 Be7 9. cxd5 exd5 10. Nc3 Bh7 11. e4 O-O 12. Be3 Qa6 13. Rfd1 Nbd7 14. h3 Rfd8 15. exd5 1/2-1/2

[Event "17th Memorial Lezcano Montalvo 2025"]
[Site "Gran Canaria"]
[Date "2025.04.15"]
[Round "4.12"]
[White "Rodriguez Melian, Jose Luis"]
[Black "Maerevoet, Sim"]
[Result "0-1"]
[Annotator "RC"]
[ECO "E04"]
[WhiteElo "2029"]
[BlackElo "2451"]
[PlyCount "78"]
[EventDate "2025.04.13"]
[EventType "swiss"]
[EventCountry "ESP"]
[SourceTitle "playchess.com"]
[Source "ChessBase"]
[SourceQuality "1"]
[TimeControl "5400+30"]

1. d4 Nf6 2. c4 e6 3. g3 d5 4. Bg2 dxc4 5. Nf3 c6 6. Ne5 Bb4+ 7. Nc3 Nd5 8. Qc2 Nxc3 9. bxc3 Qxd4 10. cxb4 Qxa1 11. Nxc4 O-O 12. O-O Qf6 13. h4 h6 14. Bb2 Qe7 15. Qc3 f6 16. g4 e5 17. Ne3 Be6 18. Be4 Na6 19. a3 Nc7 20. Bb1 Nd5 21. Qc2 g6 22. g5 hxg5 23. h5 gxh5 24. Bxe5 Qg7 25. Bb2 Rae8 26. Nc4 Bh3 27. Re1 Re6 28. e4 g4 29. Kh2 Rfe8 30. e5 fxe5 31. Rxe5 Rxe5 32. Bxe5 Rxe5 33. Nxe5 Qxe5+ 34. Kg1 Ne7 35. Ba2+ Kg7 36. Qd2 g3 37. Bb1 gxf2+ 38. Qxf2 Bf5 39. Bxf5 Nxf5 0-1

[Event "17th Memorial Lezcano Montalvo 2025"]
[Site "Gran Canaria"]
[Date "2025.04.15"]
[Round "4.13"]
[White "Gomez Ledo, Roberto Carlos"]
[Black "Bolivar Castro, Alejandro"]
[Result "1-0"]
[Annotator "RC"]
[ECO "B07"]
[WhiteElo "2396"]
[BlackElo "2006"]
[PlyCount "147"]
[EventDate "2025.04.13"]
[EventType "swiss"]
[EventCountry "ESP"]
[SourceTitle "playchess.com"]
[Source "ChessBase"]
[SourceQuality "1"]
[TimeControl "5400+30"]

1. e4 d6 2. d4 Nf6 3. Nc3 e5 4. dxe5 dxe5 5. Qxd8+ Kxd8 6. Bc4 Bb4 7. Bxf7 Rf8 8. Bb3 Nxe4 9. Nge2 Nc5 10. Bc4 Be6 11. Bxe6 Nxe6 12. Bd2 Nc6 13. O-O-O Kc8 14. f3 b6 15. a3 Bd6 16. Ne4 Kb7 17. Bg5 Nxg5 18. Nxg5 Be7 19. Ne4 Rad8 20. Rde1 Bh4 21. N2g3 g6 22. Nf2 Rd4 23. Nd3 Rfd8 24. Kb1 Bf6 25. Ne4 Be7 26. Nef2 Bd6 27. Re2 h5 28. Rhe1 a5 29. Re4 Rxe4 30. Rxe4 Rf8 31. c3 Kc8 32. a4 Kd7 33. Kc2 Ke6 34. Nh3 Kf6 35. Nhf2 Ke6 36. Nd1 g5 37. Ne3 Rf7 38. h4 Kf6 39. Kd1 Rd7 40. Ke2 Rg7 41. Kf1 Rd7 42. Ke2 Rg7 43. hxg5+ Kxg5 44. Rc4 Ne7 45. Nf2 Nf5 46. Ne4+ Kg6 47. Nd5 Kf7 48. g4 Ke6 49. Nxc7+ Bxc7 50. gxf5+ Kxf5 51. Rc6 Bd8 52. Ke3 Rg6 53. Nd6+ Rxd6 54. Rxd6 Be7 55. Rd7 Bg5+ 56. Kf2 Bc1 57. b3 Bb2 58. Rf7+ Kg5 59. Rc7 Ba3 60. Rc4 Bc5+ 61. Kg3 Be3 62. b4 axb4 63. cxb4 Bd4 64. a5 bxa5 65. bxa5 h4+ 66. Kg2 Kf4 67. a6 h3+ 68. Kxh3 Kxf3 69. Rxd4 exd4 70. a7 d3 71. a8=Q+ Ke2 72. Qe4+ Kd2 73. Kg2 Kc3 74. Kf1 1-0

[Event "17th Memorial Lezcano Montalvo 2025"]
[Site "Gran Canaria"]
[Date "2025.04.15"]
[Round "4.14"]
[White "Barski, Radoslaw"]
[Black "Sanchez Gonzalez, Diego"]
[Result "1-0"]
[Annotator "RC"]
[ECO "B15"]
[WhiteElo "2385"]
[BlackElo "2025"]
[PlyCount "115"]
[EventDate "2025.04.13"]
[EventType "swiss"]
[EventCountry "ESP"]
[SourceTitle "playchess.com"]
[Source "ChessBase"]
[SourceQuality "1"]
[TimeControl "5400+30"]

1. e4 c6 2. d4 d5 3. Nc3 dxe4 4. Nxe4 Nf6 5. Nxf6+ exf6 6. c3 Bd6 7. Bd3 O-O 8. Qc2 g6 9. Ne2 Re8 10. h4 Qe7 11. Be3 Be6 12. h5 Nd7 13. O-O-O f5 14. c4 Rac8 15. Kb1 b5 16. c5 Bc7 17. hxg6 fxg6 18. Nf4 Bxf4 19. Bxf4 Qf7 20. b3 a5 21. Rh6 Nf6 22. Rdh1 Re7 23. f3 Nd5 24. Bd6 Rd7 25. Qd2 Re8 26. Be5 Nb4 27. Qg5 Kf8 28. Rxh7 Qxh7 29. Bd6+ Kg8 30. Rxh7 Kxh7 31. Be5 Rg7 32. Be2 Nd5 33. Bd3 Nb4 34. Bc2 Ree7 35. Qh4+ Kg8 36. Bxg7 Rxg7 37. Qd8+ Kh7 38. Qxa5 Nd5 39. Qd8 Ra7 40. Kb2 b4 41. Qg5 Nc3 42. Bb1 Nd1+ 43. Kc1 Nc3 44. Qd8 Rd7 45. Qh4+ Kg7 46. Bd3 Nxa2+ 47. Kb2 Nc3 48. Bc4 Bd5 49. Qe1 Kf7 50. Qe5 Re7 51. Qb8 Bxc4 52. bxc4 Re2+ 53. Kb3 Nd1 54. Qc7+ Kf8 55. Kxb4 Rb2+ 56. Ka5 Ne3 57. Qd8+ Kf7 58. Qd7+ 1-0

[Event "17th Memorial Lezcano Montalvo 2025"]
[Site "Gran Canaria"]
[Date "2025.04.15"]
[Round "4.15"]
[White "Perez Rosales, Pedro"]
[Black "Garcia Padron, Jose"]
[Result "0-1"]
[Annotator "RC"]
[ECO "A05"]
[WhiteElo "1942"]
[BlackElo "2355"]
[PlyCount "37"]
[EventDate "2025.04.13"]
[EventType "swiss"]
[EventCountry "ESP"]
[SourceTitle "playchess.com"]
[Source "ChessBase"]
[SourceQuality "1"]
[TimeControl "5400+30"]

1. Nf3 Nf6 2. g3 b5 3. Bg2 Bb7 4. O-O e6 5. b3 Be7 6. Bb2 O-O 7. c4 a6 8. Qc2 Re8 9. Re1 Nc6 10. a3 Rb8 11. e4 d6 12. d4 Bf8 13. Nbd2 Nd7 14. Rad1 e5 15. dxe5 dxe5 16. Nf1 bxc4 17. Qxc4 Bd6 18. Ne3 Nb6 19. Ra1 0-1

[Event "17th Memorial Lezcano Montalvo 2025"]
[Site "Gran Canaria"]
[Date "2025.04.15"]
[Round "4.16"]
[White "Rivero Tacoronte, Gabriel"]
[Black "Torres Rebolledo, Alvaro"]
[Result "0-1"]
[Annotator "RC"]
[ECO "B90"]
[WhiteElo "1963"]
[BlackElo "2311"]
[PlyCount "52"]
[EventDate "2025.04.13"]
[EventType "swiss"]
[EventCountry "ESP"]
[SourceTitle "playchess.com"]
[Source "ChessBase"]
[SourceQuality "1"]
[TimeControl "5400+30"]

1. e4 c5 2. Nf3 d6 3. d4 cxd4 4. Nxd4 Nf6 5. Nc3 a6 6. f3 e5 7. Nb3 Be6 8. Be3 Be7 9. Qd2 h5 10. O-O-O Nbd7 11. Nd5 Nxd5 12. exd5 Bf5 13. Bd3 Bxd3 14. Qxd3 Bg5 15. Rhe1 O-O 16. Kb1 Rc8 17. Rc1 Bxe3 18. Rxe3 Qg5 19. Re2 f5 20. c4 Rc7 21. c5 dxc5 22. d6 Rc6 23. Qd5+ Kh7 24. Nxc5 Qxc1+ 25. Kxc1 Rxc5+ 26. Qxc5 Nxc5 0-1

[Event "17th Memorial Lezcano Montalvo 2025"]
[Site "Gran Canaria"]
[Date "2025.04.15"]
[Round "4.17"]
[White "de Leon Navarro, Claudio"]
[Black "Meneses Gonzalez, Kevin Moises"]
[Result "0-1"]
[Annotator "RC"]
[ECO "E69"]
[WhiteElo "1918"]
[BlackElo "2307"]
[PlyCount "84"]
[EventDate "2025.04.13"]
[EventType "swiss"]
[EventCountry "ESP"]
[SourceTitle "playchess.com"]
[Source "ChessBase"]
[SourceQuality "1"]
[TimeControl "5400+30"]

1. d4 Nf6 2. c4 d6 3. Nf3 g6 4. g3 Bg7 5. Bg2 O-O 6. Nc3 Nbd7 7. O-O e5 8. e4 c6 9. h3 Qb6 10. dxe5 dxe5 11. Qc2 Re8 12. Be3 Qc7 13. Rad1 Nf8 14. Rd2 Ne6 15. Rfd1 h6 16. b3 Nh7 17. Nh4 Qe7 18. Kh2 Nf4 19. Bf1 Ne6 20. Bg2 Nhf8 21. Nf3 Ng5 22. Qd3 Nxf3+ 23. Bxf3 Ne6 24. Bg4 h5 25. Bf3 h4 26. Bg4 Nd4 27. Bxc8 Raxc8 28. Kg2 Rcd8 29. Qf1 Qf6 30. f3 hxg3 31. Ne2 Ne6 32. Rxd8 Rxd8 33. Kxg3 Nd4 34. Rd2 Bf8 35. f4 exf4+ 36. Nxf4 g5 37. Bxd4 gxf4+ 38. Kf3 Rxd4 39. Qg1+ Bg7 40. Rxd4 Qxd4 41. Qg4 Qe3+ 42. Kg2 Qxe4+ 0-1

[Event "17th Memorial Lezcano Montalvo 2025"]
[Site "Gran Canaria"]
[Date "2025.04.15"]
[Round "4.18"]
[White "Hernandez Guerra, Luna Yue"]
[Black "Castellanos Gomez, Alejandro"]
[Result "0-1"]
[Annotator "RC"]
[ECO "B01"]
[WhiteElo "1897"]
[BlackElo "2267"]
[PlyCount "118"]
[EventDate "2025.04.13"]
[EventType "swiss"]
[EventCountry "ESP"]
[SourceTitle "playchess.com"]
[Source "ChessBase"]
[SourceQuality "1"]
[TimeControl "5400+30"]

1. e4 d5 2. exd5 Nf6 3. d4 Bg4 4. Nf3 Qxd5 5. Be2 Nc6 6. c4 Qh5 7. Be3 O-O-O 8. Nbd2 e5 9. d5 Nd4 10. Nxd4 exd4 11. Bxg4+ Nxg4 12. Bxd4 Re8+ 13. Kf1 Nxh2+ 14. Kg1 Qxd1+ 15. Rxd1 Ng4 16. f3 Nf6 17. a3 h5 18. b4 Bd6 19. Bxf6 gxf6 20. Ne4 Be5 21. Kf2 Reg8 22. d6 cxd6 23. Nxd6+ Kc7 24. Nb5+ Kb8 25. Rd7 Bg3+ 26. Ke3 h4 27. Rhd1 Re8+ 28. Kd3 Bf4 29. Kc3 a6 30. Nd6 Re3+ 31. Rd3 Rxd3+ 32. Kxd3 Rg8 33. Rxb7+ Ka8 34. Rd7 Rxg2 35. Ke4 Bg3 36. Nf5 Re2+ 37. Kd3 Re5 38. Rd8+ Kb7 39. Ne3 Rh5 40. Rd7+ Kb8 41. Rxf7 Be5 42. Ng4 h3 43. Nf2 h2 44. Nh1 Rg5 45. Rh7 Rg1 46. Nf2 Rf1 47. Ke2 Ra1 48. f4 Bxf4 49. Kf3 Be5 50. Kg2 Ra2 51. Kf1 Bg3 52. Ne4 Ra1+ 53. Kg2 Rg1+ 54. Kf3 Be5 55. Nf2 f5 56. Rh6 Bg3 57. Nh1 f4 58. Rxa6 Rxh1 59. Rh6 Rf1+ 0-1

[Event "17th Memorial Lezcano Montalvo 2025"]
[Site "Gran Canaria"]
[Date "2025.04.15"]
[Round "4.19"]
[White "Hernando Rodrigo, Jose Maria"]
[Black "Gonzalez Martinez, Miguel Angel"]
[Result "0-1"]
[Annotator "RC"]
[ECO "A54"]
[WhiteElo "2256"]
[BlackElo "2134"]
[PlyCount "66"]
[EventDate "2025.04.13"]
[EventType "swiss"]
[EventCountry "ESP"]
[SourceTitle "playchess.com"]
[Source "ChessBase"]
[SourceQuality "1"]
[TimeControl "5400+30"]

1. d4 d6 2. Nf3 Nf6 3. c4 Nbd7 4. Nc3 e5 5. Bg5 c6 6. e3 Be7 7. Qc2 O-O 8. Bd3 h6 9. Bh4 Re8 10. Bf5 exd4 11. Nxd4 Ne5 12. b3 d5 13. Bg3 Bb4 14. O-O dxc4 15. bxc4 Nxc4 16. Rfd1 Qa5 17. Bxc8 Raxc8 18. Nce2 Nb6 19. Nb3 Qb5 20. Rab1 Qc4 21. Qb2 Bf8 22. Rdc1 Qa6 23. Qc2 Ne4 24. Bf4 Nd5 25. Nbd4 c5 26. Nb5 Nb4 27. Nc7 Qa5 28. Qb2 Nd3 29. Qb5 Qxb5 30. Nxb5 Nxc1 31. Nxc1 a6 32. Na7 Rcd8 33. Nb3 Nc3 0-1